 Dungeon Crawl Stone Soup version 0.29.0-4-gdea44cf6ec (webtiles) character file.

Game seed: 15934592137000485115

322 qw the Chopper (level 6, 0/36 HPs)
             Began as a Tengu Warper on Aug 28, 2022.
             Slain by a gnoll
             ... wielding a +0 spear
              (2 damage)
             ... on level 4 of the Dungeon.
             The game lasted 00:00:21 (3736 turns).

qw the Chopper (Tengu Warper)                       Turns: 3736, Time: 00:00:22

Health: 0/36       AC:  4    Str: 13    XL:     6   Next: 47%
Magic:  10/10      EV: 14    Int: 13    God:
Gold:   202        SH:  0    Dex: 14    Spells: 9/9 levels left

rFire   . . .      SeeInvis .   Y - +0 hand axe
rCold   . . .      Faith    .   (no shield)
rNeg    + . .      Spirit   .   g - +1 leather armour {rN+}
rPois   .          Reflect  .   (helmet restricted)
rElec   .          Harm     .   (no cloak)
rCorr   .          Rampage  .   (no gloves)
Will    .....                   (boots unavailable)
Stlth   +.........              (no amulet)
HPRegen 0.12/turn               (no ring)
MPRegen 0.12/turn               (no ring)

@: flying quickly and evasively, quick
A: beak, talons 3, nimble flight
a: no special abilities


You were on level 4 of the Dungeon.
You visited 1 branch of the dungeon, and saw 4 of its levels.

You collected 202 gold pieces.


Innate Abilities, Weirdness & Mutations

You have a beak for a mouth.
You have claws for feet.
Your magical nature lets you fly swiftly and evasively.


   Skills:
 + Level 2.5 Fighting
 - Level 7.1 Axes
 - Level 1.0 Throwing
 - Level 1.1 Armour
 - Level 2.1 Dodging
 - Level 2.0 Spellcasting
 - Level 2.4 Translocations


You had 9 spell levels left.
You didn't know any spells.
Your spell library contained the following spells:

 Spells                   Type           Power      Damage    Failure   Level
 Blink                    Tloc           14%        N/A       19%         2
 Gell's Gravitas          Tloc           7%         N/A       36%         3
 Lesser Beckoning         Tloc           7%         N/A       36%         3
 Teleport Other           Tloc           7%         N/A       36%         3
 Manifold Assault         Tloc           7%         N/A       98%         5

Inventory:

Hand Weapons
 j - a +0 whip
 Y - a +0 hand axe (weapon)
Armour
 g - a +1 leather armour of positive energy (worn)
Scrolls
 b - 2 scrolls of identify
Potions
 d - 5 potions of curing
 e - a potion of might

Dungeon Overview and Level Annotations

Branches:
Dungeon (4/15)
 Temple: D:4-7

Altars:


Message History

You hit the adder. The adder bites you but does no damage.
The gnoll barely misses you. x2
The gnoll closely misses you.
You hit the gnoll but do no damage. You claw the gnoll.
The gnoll is almost dead.
You hit the adder. The adder closely misses you.
The gnoll closely misses you. x3
The adder misses you.
You closely miss the gnoll. You claw the gnoll.
The gnoll is almost dead.
You hit the adder.
You kill the adder!
The gnoll closely misses you. The gnoll misses you.
The gnoll barely misses you.
You barely miss the gnoll. Your peck misses the gnoll.
The gnoll is almost dead.
The gnoll hits you from afar with a +0 spear.
The gnoll hits you with a +0 halberd!
The gnoll hits you from afar with a +0 spear.
You closely miss the gnoll. You claw the gnoll.
You kill the gnoll!
The gnoll completely misses you.
The gnoll hits you from afar with a +0 spear.
The gnoll hits you with a +0 spear. The gnoll closely misses you.
You see here an adder corpse.
You barely miss the gnoll. Your kick misses the gnoll. You hit the gnoll.
The gnoll completely misses you. The gnoll misses you.
You hit the gnoll. You claw the gnoll, but do no damage.
Your peck misses the gnoll.
The gnoll is moderately wounded.
You hit the gnoll but do no damage. The gnoll barely misses you.
The gnoll hits you with a +0 spear!
You hit the gnoll. Your kick misses the gnoll.
The gnoll is severely wounded.
You barely miss the gnoll. The gnoll hits you with a +0 spear.
The gnoll barely misses you.
You hit the gnoll. Your kick misses the gnoll. Your peck misses the gnoll.
The gnoll is severely wounded.
You barely miss the gnoll. The gnoll hits you but does no damage.
The gnoll hits you with a +0 spear.
You die...

......... .......# .
...... .# #....# ...
# ###.... ....
..#.#.##.#...###....#
........#..).gr....#
#....#..#..)@gsg....
#....##....#.##..<..
....#..##.### ...
#......#...## .
#...#.......#.
#..##.%.......#
#<..............
#...#......#....(
#..........#.....


You could see a scorpion, 2 gnolls, a quokka and a goblin.

Vanquished Creatures
  A necrophage (D:3)
  A scorpion (D:3)
  An iguana (D:4)
  Robin (D:2)
  2 gnolls (D:4)
  7 adders
  3 dart slugs (D:1)
  7 ball pythons
  5 bats
  6 endoplasms
  3 giant cockroaches
  6 hobgoblins
  7 jackals
  2 quokkas
  4 frilled lizards (D:1)
  14 goblins
  7 kobolds
  7 rats
84 creatures vanquished.

Vanquished Creatures (others)
  8 plants (D:1)
8 creatures vanquished.

Grand Total: 92 creatures vanquished

Notes
Turn   | Place    | Note
-------+----------+-------------------------------------------
     0 | D:1      | qw the Tengu Warper began the quest for the Orb.
     0 | D:1      | Reached XP level 1. HP: 12/12 MP: 4/4
     0 | D:1      | 0 ||| qw: Version: 0.1-a-89-g26bdef1
     0 | D:1      | 0 ||| qw: Game counter: 2940
     0 | D:1      | 0 ||| qw: Always use a shield: true
     0 | D:1      | 0 ||| qw: God list: Okawaru
     0 | D:1      | 0 ||| qw: Allow faded altars: false
     0 | D:1      | 0 ||| qw: Do Orc after D:15 true
     0 | D:1      | 0 ||| qw: Do second Lair branch before Depths: true
     0 | D:1      | 0 ||| qw: Lair rune preference: random
     0 | D:1      | 0 ||| qw: Plans: Normal
     0 | D:1      | 0 ||| PLANNING D:1-11
   231 | D:1      | Reached XP level 2. HP: 17/17 MP: 6/6
   235 | D:1      | Reached skill level 3 in Axes
   240 | D:1      | 240 ||| Stepping ~*~*~tactically~*~*~ (stealth).
   510 | D:1      | Reached XP level 3. HP: 21/21 MP: 7/7
   599 | D:1      | 599 ||| Stepping ~*~*~tactically~*~*~ (hiding).
   601 | D:1      | 601 ||| Stepping ~*~*~tactically~*~*~ (hiding).
   602 | D:1      | 602 ||| Stepping ~*~*~tactically~*~*~ (hiding).
   606 | D:1      | Reached skill level 4 in Axes
  1031 | D:1      | 1031 ||| DROPPING +0 club.
  1033 | D:1      | Found a faded altar of an unknown god.
  1047 | D:1      | 1047 ||| UPGRADING to +1 leather armour of positive energy.
  1111 | D:1      | 1111 ||| DROPPING +0 leather armour.
  1112 | D:1      | 1112 ||| DROPPING +6 ring of intelligence.
  1113 | D:1      | 1113 ||| READING scroll labelled QOBBI XIRE.
  1114 | D:1      | 1114 ||| READING scroll labelled PATELOMAORE.
  1115 | D:1      | 1115 ||| DRINKING 2 emerald potions.
  1116 | D:1      | 1116 ||| DROPPING scroll of blinking.
  1117 | D:1      | 1117 ||| Stepping randomly (stuck).
  1118 | D:1      | 1118 ||| Stepping ~*~*~tactically~*~*~ (cloud).
  1506 | D:2      | HP: 4/21 [adder (2)]
  1509 | D:2      | HP: 1/21 [poisoned by an adder]
  1883 | D:2      | Reached XP level 4. HP: 26/26 MP: 8/8
  1899 | D:2      | Noticed Robin
  1911 | D:2      | Killed Robin
  1912 | D:2      | Reached skill level 5 in Axes
  2563 | D:2      | 2563 ||| READING scroll labelled UWEMME WOAJ.
  2564 | D:2      | 2564 ||| READING scroll labelled OTHRAB WOIS.
  2624 | D:3      | 2624 ||| Stepping ~*~*~tactically~*~*~ (stealth).
  2625 | D:3      | 2625 ||| Stepping ~*~*~tactically~*~*~ (stealth).
  2633 | D:3      | Gained mutation: Your magical nature lets you fly swiftly
                  | and evasively. [Tengu growth]
  2633 | D:3      | Reached XP level 5. HP: 30/30 MP: 9/9
  2704 | D:3      | 2704 ||| Stepping ~*~*~tactically~*~*~ (stealth).
  2707 | D:3      | 2707 ||| Stepping ~*~*~tactically~*~*~ (stealth).
  2901 | D:3      | Reached skill level 6 in Axes
  3000 | D:3      | Reached XP level 6. HP: 23/35 MP: 10/10
  3299 | D:3      | 3299 ||| READING scroll labelled JEOPTAYXITA.
  3300 | D:3      | 3300 ||| READING 4 scrolls of identify.
  3300 | D:3      | 3300 ||| IDENTIFYING dark potion
  3301 | D:3      | 3301 ||| READING 3 scrolls of identify.
  3301 | D:3      | 3301 ||| IDENTIFYING smoky silvery potion
  3302 | D:3      | 3302 ||| DROPPING potion of lignification.
  3348 | D:4      | Reached skill level 7 in Axes
  3349 | D:4      | 3349 ||| FLEEEEING.
  3350 | D:4      | 3350 ||| FLEEEEING.
  3351 | D:4      | 3351 ||| FLEEEEING.
  3352 | D:4      | 3352 ||| FLEEEEING.
  3353 | D:4      | 3353 ||| STAIRDANCE
  3538 | D:4      | 3538 ||| STAIRDANCE
  3715 | D:4      | 3715 ||| Stepping ~*~*~tactically~*~*~ (stealth).
  3717 | D:4      | 3717 ||| Stepping ~*~*~tactically~*~*~ (stealth).
  3734 | D:4      | HP: 6/36 [gnoll/+0 spear (8)]
  3735 | D:4      | HP: 2/36 [gnoll/+0 spear (4)]
  3736 | D:4      | Slain by a gnoll

Levels and vault maps discovered:
D:1:      minmay_arrival_split_and_join, layout_basic,
          dilly_ecumenical_altar_fadedgnrine, minmay_misc_feat_diagonals
D:2:      layout_rooms, uniq_robin
D:3:      layout_loops_ring
D:4:      layout_cave_pools, temple_doors_e, kennysheep_nondescript,
          nicolae_concentric_dashed_squares_mild, minmay_puff

Skill      XL: |  1  2  3  4  5  6 |
---------------+-------------------+-----
Axes           | 3 4 5 6 7 |  7.1
Fighting       | |  2.5
Throwing       | |  1.0
Armour         | |  1.1
Dodging        | |  2.1
Spellcasting   | |  2.0
Translocations | |  2.4

Action                   |  1- 3 |  4- 6 || total
-------------------------+-------+-------++-------
Melee: Hand axe          |    81 |   125 ||   206
       Kick              |    15 |    40 ||    55
       Peck              |     9 |    19 ||    28
Throw: Boomerang         |     7 |       ||     7
  Use: Scroll            |     2 |     5 ||     7
       Potion            |     1 |       ||     1
 Stab: Sleeping          |     1 |       ||     1
Armor: Leather armour    |    18 |    29 ||    47
Dodge: Dodged            |    33 |    84 ||   117

Table legend:
 A = Non-vault XP
 B = Vault XP
 C = Vault XP percentage of total XP
 D = Non-vault monster count
 E = Vault monster count
 F = Vault count percentage of total count
                 A         B        C        D         E       F
            +---------+---------+-------+---------+---------+-------
      Total |     426 |      35 |   7.6 |      73 |      11 |  13.1
            +---------+---------+-------+---------+---------+-------
        D:1 |      53 |       0 |   0.0 |      30 |       0 |   0.0
        D:2 |      68 |      35 |  34.0 |      20 |      11 |  35.5
        D:3 |     204 |       0 |   0.0 |      15 |       0 |   0.0
        D:4 |     101 |       0 |   0.0 |       8 |       0 |   0.0
            +---------+---------+-------+---------+---------+-------
